 Dungeon Crawl Stone Soup version 0.31.0-1-g2c135a008e (console) character file.

Game seed: 12422250302255774237

605 AlterAsc the Trooper (level 7, 0/55 HPs)
             Began as a Human Shapeshifter on Jan 20, 2024.
             Was a Follower of Okawaru.
             Slain by an iguana (12 damage)
             ... on level 5 of the Dungeon.
             The game lasted 00:27:02 (4040 turns).

AlterAsc the Trooper (Human Shapeshifter)           Turns: 4040, Time: 00:27:02

Health: 0/55       AC:  6    Str: 16    XL:     7   Next: 42%
Magic:  7/7        EV: 12    Int: 11    God:    Okawaru [*.....]
Gold:   206        SH:  0    Dex: 12    Spells: 6/6 levels left

rFire   + .          .
                       - Unarmed
rCold   . . .        (no shield)
rNeg    . . .        B - +3 leather armour
rPois   .            (helmet currently unavailable)
rElec   .            (cloak currently unavailable)
rCorr   .            (gloves currently unavailable)
SInv    .            (boots currently unavailable)
Will    .....        x - amulet of regeneration
Stlth   +            o - ring of flight
HPRegen 1.09/turn    t - ring of protection from fire
MPRegen 0.10/turn

%: no passive effects
@: beast-form, flying
A: beast (slay +2), explore regen
a: Begin Untransformation, Renounce Religion, Heroism


You were on level 5 of the Dungeon.
You worshipped Okawaru.
Okawaru was aware of your devotion.
You were a hulking beast.
You visited 1 branch of the dungeon, and saw 5 of its levels.

You collected 248 gold pieces.
You spent 42 gold pieces at shops.

Inventory:

Hand Weapons
 k - the +5 whip of a Billion Youths {pain, rC+ rCorr}
   (You took it off a gnoll on level 4 of the Dungeon)

   rC+:       It protects you from cold.
   rCorr:     It protects you from acid and corrosion.
 C - a +1 war axe of freezing
Missiles
 u - a throwing net (quivered)
Armour
 g - a +0 helmet
 h - a +2 leather armour of willpower
 m - a +0 pair of gloves
 r - a +0 robe of fire resistance
 B - a +3 leather armour (worn)
Jewellery
 o - a ring of flight (left hand)
 t - a ring of protection from fire (right hand)
 x - an amulet of regeneration (around neck)
Talismans
 c - a beast talisman (active)
 d - a flux talisman
Scrolls
 a - a scroll of blinking {unknown}
 i - 4 scrolls of identify {unknown}
 j - a scroll of noise {unknown}
 l - 3 scrolls of fear {unknown}
 p - 2 scrolls of teleportation
 s - 2 scrolls of fog {unknown}
 y - a scroll of immolation {unknown}
Potions
 b - 2 potions of lignification
 e - 2 potions of degeneration {unknown}
 f - 3 potions of brilliance {unknown}
 n - 3 potions of curing
 q - a potion of heal wounds {unknown}
 v - a potion of haste {unknown}
 w - a potion of mutation {unknown}
 z - a potion of attraction {unknown}
 A - a potion of invisibility {unknown}


   Skills:
 * Level 4.7 Fighting
 - Level 2.0 Armour
 - Level 3.0 Dodging
 + Level 4.6 Unarmed Combat
 + Level 4.4 Shapeshifting


You had 6 spell levels left.
You didn't know any spells.
Your spell library contained the following spells:

 Spells                   Type           Power      Damage    Failure   Level
 Kiss of Death            Conj/Necr      0%         2d5       41%         1
 Confusing Touch          Hex            0%         N/A       78%         3
 Dispel Undead            Necr           0%         3d6       99%         4


Dungeon Overview and Level Annotations

Branches:
Dungeon (5/15)             Temple (0/1) D:4

Altars:
Okawaru
Qazlal
Sif Muna
Trog
Xom

Shops:
D:2 ?

Annotations:
D:3 1 runed translucent door, raetorn's ghost, amateur DjHW
D:5 2 transporters, Flesh177's ghost, novice GnSh


Innate Abilities, Weirdness & Mutations

You are a hulking beast.
Your limbs bulge with bestial killing power. (Slay +2)
You regain HP and MP as you explore.


Message History

You are engulfed in a cloud of soporific spores!
You fall asleep.
The sleepcap releases spores at you but does no damage.
The sleepcap releases spores at you.
You wake up.
You hit the sleepcap but do no damage.
The sleepcap is heavily damaged.
The sleepcap barely misses you.
You hit the sleepcap.
The sleepcap is severely damaged.
The sleepcap releases spores at you.
You are engulfed in a cloud of soporific spores!
You are unaffected.
You hit the sleepcap.
The sleepcap is severely damaged.
The sleepcap closely misses you.
You hit the sleepcap but do no damage.
The sleepcap is severely damaged.
The sleepcap completely misses you.
You punch the sleepcap!
You destroy the sleepcap!
Okawaru accepts your kill.
No target in view!
An iguana comes into view.
The gnoll sergeant shouts!
The iguana hisses angrily.
You see here a +0 robe.
There are monsters nearby!
The gnoll sergeant hits you from afar with a +0 trident.
The gnoll sergeant hits you with a +0 trident.
The iguana bites you!
You hit the gnoll sergeant.
The gnoll sergeant is lightly wounded.
The gnoll sergeant hits you with a +0 trident!
The iguana closely misses you.
You are too injured to fight recklessly!
The gnoll sergeant hits you from afar with a +0 trident!
The gnoll sergeant attacks as it pursues you!
The gnoll sergeant hits you from afar with a +0 trident.
* * * LOW HITPOINT WARNING * * *
The iguana attacks as it pursues you! The iguana bites you!
You die...

...#...#........
...#._.#............#.
.###...#.............
...#≈≈≈# .. .......# #..
#..#...# ..###......###...
##.#._.#....#............#
...#...##...............#
...'####...........#....##
.......[...# #.g.##......
....(.....## ##l...# .#
...^......######h...## ..#
............#.....[..#...#
.#............#.#........#
..###........####........#
####.........# ##.##...##
# ##........#####..##### #
#..............##
###...>..........)#
#..........###....#
###..#.##.## ##...#
#...####.# #..##


You could see a gnoll sergeant and an iguana.

Vanquished Creatures
  2 ogres
  A bombardier beetle (D:3)
  A jelly (D:5)
  An orc priest (D:4)
  A gnoll bouda (D:5)
  A sleepcap (D:5)
  An orc wizard (D:4)
  An iguana (D:4)
  8 adders
  9 gnolls
  A white imp (D:4)
  2 ribbon worms (D:3)
  8 orcs
  7 ball pythons
  4 endoplasms
  5 giant cockroaches
  4 goblins
  5 hobgoblins
  2 jackals (D:3)
  2 quokkas
  5 bats
  4 frilled lizards
  6 kobolds
  A rat (D:3)
82 creatures vanquished.

Notes
Turn   | Place    | Note
-------+----------+-------------------------------------------
     0 | D:1      | AlterAsc the Human Shapeshifter began the quest for the
                  | Orb.
     0 | D:1      | Reached XP level 1. HP: 15/15 MP: 1/1
   296 | D:1      | Reached XP level 2. HP: 18/21 MP: 2/2
   830 | D:2      | Found Mullal's Magic Scroll Shoppe.
   960 | D:2      | Reached XP level 3. HP: 26/26 MP: 3/3
  1010 | D:2      | Bought a scroll of teleportation for 42 gold pieces
  1702 | D:3      | Found a shimmering blue altar of Sif Muna.
  1782 | D:3      | Found a runed translucent door.
  1942 | D:3      | Found a faded altar of an unknown god.
  2000 | D:3      | Reached XP level 4. HP: 26/33 MP: 4/4
  2166 | D:3      | Reached XP level 5. HP: 33/39 MP: 5/5
  2207 | D:3      | Found an iron altar of Okawaru.
  2215 | D:3      | Became a worshipper of Warmaster Okawaru
  2425 | D:3      | Found a bloodstained altar of Trog.
  2559 | D:3      | Noticed raetorn's ghost (amateur DjHW)
  2664 | D:4      | Found a staircase to the Ecumenical Temple.
  3244 | D:4      | Noticed an ogre
  3258 | D:4      | Killed an ogre
  3259 | D:4      | Reached XP level 6. HP: 7/48 MP: 6/6
  3332 | D:4      | Reached skill level 1 in Armour
  3480 | D:5      | Entered Level 5 of the Dungeon
  3555 | D:5      | Identified the +5 whip of a Billion Youths {pain, rC+
                  | rCorr}
  3671 | D:5      | Reached XP level 7. HP: 30/54 MP: 7/7
  3734 | D:5      | Found a transporter.
  3834 | D:5      | Reached * piety under Okawaru
  3875 | D:5      | Found a transporter.
  3878 | D:5      | Noticed Flesh177's ghost (novice GnSh)
  3907 | D:5      | HP: 1/55 [acid (5)]
  3989 | D:5      | Found a stormy altar of Qazlal.
  3990 | D:5      | Found a shimmering altar of Xom.
  4040 | D:5      | Slain by an iguana

Illustrated notes

Levels and vault maps discovered:
D:1:      dpeg_arrival_radiant, layout_loops_cross
D:2:      layout_basic, serial_shops, shop
D:3:      cheibrodos_helix_gallery, layout_loops_ring,
          trog_three_pillars_becter, lemuel_coloured_pillars_altar,
          overflow_temple_1_default, gammafunk_ghost_grave,
          ebering_ecumenical_altar_mist
D:4:      layout_basic, minmay_temple_entry_mini_moons,
          minmay_fractal_squares_gapless_5
D:5:      layout_cave_pools, mainiacjoe_overflow_divided_tiny,
          gammafunk_ghost_mausoleum

Skill      XL: |  1  2  3  4  5  6  7 |
---------------+----------------------+-----
Fighting       | 2 3 4 |  4.7
Dodging        | 3 |  3.0
Unarmed Combat | 4 |  4.6
Shapeshifting  | 4 |  4.4
Armour         | 1 2 |  2.0

Action                     |  1- 3 |  4- 6 |  7- 9 || total
---------------------------+-------+-------+-------++-------
  Melee: Unarmed           |    95 |   206 |    41 ||   342
         Punch             |     1 |    11 |     1 ||    13
         Whip              |       |       |     1 ||     1
    Use: Potion            |     1 |     2 |     2 ||     5
   Stab: Sleeping          |     3 |       |       ||     3
 Armour: Animal skin       |    38 |       |       ||    38
         Ring mail         |    16 |    35 |       ||    51
         Robe              |     2 |       |       ||     2
         Leather armour    |       |    79 |    33 ||   112
  Dodge: Dodged            |    61 |   114 |    23 ||   198
   Form: Beast             |     1 |       |       ||     1
